 Dungeon Crawl Stone Soup version 0.17.0-7-gfadd4cc (webtiles) character file.

4434 septik the Cleaver (level 10, -4/64 HPs)
             Began as a Gargoyle Fighter on Nov 9, 2015.
             Was a Believer of Ashenzari.
             Slain by an orc warrior
             ... wielding a +0 hand axe
              (5 damage)
             ... on level 9 of the Dungeon.
             The game lasted 00:18:09 (7694 turns).

septik the Cleaver (Gargoyle Fighter)               Turns: 7694, Time: 00:18:09

Health: -4/64      AC: 26    Str: 22    XL:     10   Next: 36%
Magic:  10/10      EV:  5    Int: 10    God:    Ashenzari [**....]
Gold:   19         SH: 11    Dex:  9    Spells: 0 memorised, 9 levels left

rFire  . . .     SeeInvis +     a - +0 war axe
rCold  . . .     Rnd*Rage +     L - +0 plate armour (curse)
rNeg   + . .     SustAt   .     c - +0 shield
rPois  ∞         Gourm    .     q - +0 helmet
rElec  +         Spirit   .     n - +1 cloak
rCorr  +         Warding  .     M - +0 pair of gloves
rMut   .         Stasis   .     r - +0 pair of boots
MR     .....                    p - amulet of resist corrosion
Stlth  ..........               (no ring)
                                R - ring of see invisible

@: not resistant to hostile enchantments, extremely unstealthy
A: berserk 1, negative energy resistance 1, electricity resistance, unbreathing,
petrification resistance, rot immunity, AC +7
a: Scrying, Renounce Religion


You were on level 9 of the Dungeon.
You worshipped Ashenzari.
Ashenzari was pleased with you.
You were hungry.

You visited 1 branch of the dungeon, and saw 9 of its levels.

You collected 19 gold pieces.

Inventory:

Hand Weapons
 a - a +0 war axe (weapon)
 B - a cursed -1 mace
Missiles
 g - 235 stones (quivered)
 Q - 4 javelins
Armour
 c - a +0 shield (worn)
 n - a +1 cloak (worn)
 q - a +0 helmet (worn)
 r - a +0 pair of boots (worn)
 L - a cursed +0 plate armour (worn)
 M - a +0 pair of gloves (worn)
Jewellery
 p - an amulet of resist corrosion (around neck)
 s - an uncursed amulet of rage
 R - a ring of see invisible (left hand)
Wands
 H - a wand of confusion (18)
 I - a wand of polymorph (12)
 J - a wand of enslavement (19)
 N - a wand of cold (6)
 O - a wand of lightning (11)
Scrolls
 b - a scroll of summoning {unknown}
 f - 2 scrolls of fear {unknown}
 j - 2 scrolls of immolation {unknown}
 l - 2 scrolls of magic mapping {unknown}
 o - 2 scrolls of random uselessness {unknown}
 w - 2 scrolls of recharging {unknown}
 y - 7 scrolls of remove curse
 A - 5 scrolls of identify {unknown}
 D - 2 scrolls of teleportation {unknown}
 F - 2 scrolls of amnesia {unknown}
 S - a scroll of noise {unknown}
Potions
 d - a potion of might
 t - a potion of flight
 u - a potion of invisibility
 E - a potion of mutation {unknown}
 G - 2 potions of lignification {unknown}
 P - a potion of beneficial mutation {unknown}
 T - a potion of heal wounds {unknown}
Books
 K - a book of the Warp

   Spells                             Type                      Level
   a - Recall                         Summoning/Translocation      3
   b - Gell's Gravitas                Hexes/Translocation          3
   c - Force Lance                    Conjuration/Translocation    4
   d - Phase Shift                    Translocation                5
   e - Warp Weapon                    Charms/Translocation         5
   f - Summon Forest                  Summoning/Translocation      5
Comestibles
 e - 9 bread rations
 h - 4 chunks of flesh
 i - 4 meat rations
 k - 5 slices of pizza
 v - 3 beef jerkies
 z - 8 fruits


   Skills:
 + Level 8.1 Fighting
 * Level 8.9 Axes
 + Level 7.7 Armour
 + Level 8.0 Shields


You had 9 spell levels left.
You didn't know any spells.

Dungeon Overview and Level Annotations

Branches:
Dungeon (9/15)             Temple (0/1) D:5
   Lair: D:8-11         Orc: D:9-12

Altars:
Ashenzari
Elyvilon
Nemelex Xobeh
Sif Muna
Yredelemnul
Zin

Annotations:
D:9 Maurice


Innate Abilities, Weirdness & Mutations

You are resistant to torment.
Your stone body is resilient (AC +7).
You are immune to poison.
You resist negative energy.
You are resistant to electric shocks.
You can survive without breathing.
You are immune to petrification.
You are immune to rotting.
You tend to lose your temper in combat.


Message History

* * * LOW HITPOINT WARNING * * *
There is an open door here.
Drink which item? (? for menu, Esc to quit)
You feel better. The orc warrior barely misses you.
Some of the chunks of flesh in your inventory have rotted away.
Drink which item? (? for menu, Esc to quit)
It was a potion of flight.
You feel very buoyant.
You fly up into the air.
The orc warrior hits you with a hand axe!
* * * LOW HITPOINT WARNING * * *
Drink which item? (? for menu, Esc to quit)
It was a potion of cancellation.
Your magical effects are unravelling.
You feel magically purged.
Drink which item? (? for menu, Esc to quit)
It was a potion of magic.
Magic courses through your body.
You float gracefully downwards.
The orc warrior hits you with a hand axe.
You die...

#########+## * *,, * * * **##
** ### ##+####### ,,,#.. , ,
,oo# #........# *#.#* * #o#
#........# . ..#
,#.#####........# .#*#.# *
*##,#o##..'........# ...#.#
,.#,#oo@.##........#
.#.#.#####†#,#.#####........#
...........#...# #........#
.###.###.'###### #........#
.# #.# #...# ###'######
.###'###.#.## #..#
.###_'...#..# ##.##
.###'###.##'## #..# .# #.#
#.....# #######'######


You could see an orc warrior and 2 orcs.

Vanquished Creatures
  Pikel (D:4)
  A troll (D:9)
  3 yaks (D:9)
  Eustachio (D:4)
  A shadow (D:6)
  2 hippogriffs
  A water moccasin (D:5)
  The ghost of septik the Skirmisher, an amateur GrFi (D:4)
  Duvessa (D:5)
  A sky beast (D:6)
  A necrophage (D:6)
  An ice beast (D:8)
  An orc warrior (D:9)
  2 ogres
  3 phantoms
  A centaur (D:7)
  A big kobold (D:7)
  Blork the orc (D:5)
  A water moccasin zombie (D:9)
  Dowan (D:5)
  2 giant frogs
  2 scorpions
  4 crimson imps
  A giant frog skeleton (D:4)
  A jelly (D:8)
  2 orc wizards
  Crazy Yiuf (D:5)
  3 iguanas
  6 hounds
  2 orc priests
  A centaur skeleton (D:4)
  8 worker ants
  Natasha (thrice) (D:4)
  3 killer bee zombies
  2 hound skeletons (D:7)
  A hound zombie (D:6)
  A gnoll (D:4)
  7 adders
  3 shadow imps
  3 oozes
  An adder skeleton (D:5)
  3 worms
  2 giant geckos (D:2)
  18 orcs
  A ball python (D:1)
  9 bats
  9 hobgoblins
  6 jackals
  12 kobolds
  2 quokkas
  5 giant cockroaches
  6 giant newts
  6 goblins
  A jackal skeleton (D:7)
  4 rats
167 creatures vanquished.

Vanquished Creatures (others)
  A slave (D:4)
  A worker ant (D:4)
  2 gnolls (D:4)
4 creatures vanquished.

Grand Total: 171 creatures vanquished

Notes
Turn   | Place    | Note
--------------------------------------------------------------
     0 | D:1      | septik the Gargoyle Fighter began the quest for the Orb.
     0 | D:1      | Reached XP level 1. HP: 14/14 MP: 1/1
   257 | D:1      | Reached XP level 2. HP: 9/19 MP: 2/2
   899 | D:1      | Reached XP level 3. HP: 23/23 MP: 3/3
  1112 | D:2      | Found a sparkling altar of Nemelex Xobeh.
  1112 | D:2      | Found a deep blue altar of Sif Muna.
  1112 | D:2      | Found a shattered altar of Ashenzari.
  1126 | D:2      | Found a basalt altar of Yredelemnul.
  1213 | D:2      | Became a worshipper of Ashenzari the Shackled
  1759 | D:2      | Reached XP level 4. HP: 21/28 MP: 4/4
  2024 | D:2      | Reached skill level 4 in Shields
  2755 | D:4      | Noticed Natasha
  2761 | D:4      | Noticed septik's ghost (amateur GrFi)
  2769 | D:4      | Killed Natasha
  2769 | D:4      | Reached XP level 5. HP: 21/33 MP: 5/5
  2777 | D:4      | Killed septik's ghost
  2777 | D:4      | Reached XP level 6. HP: 23/38 MP: 6/6
  2944 | D:4      | Noticed Natasha
  2951 | D:4      | Killed Natasha
  2954 | D:4      | Noticed a phantom
  2965 | D:4      | Killed a phantom
  2994 | D:4      | Noticed Natasha
  3003 | D:4      | Killed Natasha
  3151 | D:4      | Reached * piety under Ashenzari
  3287 | D:4      | Reached XP level 7. HP: 35/44 MP: 7/7
  3299 | D:4      | Noticed a slave
  3300 | D:4      | Noticed a slave
  3300 | D:4      | Noticed a slave
  3300 | D:4      | Noticed Pikel
  3301 | D:4      | Noticed a slave
  3315 | D:4      | Killed Pikel
  3315 | D:4      | Reached skill level 5 in Fighting
  3315 | D:4      | Reached skill level 5 in Axes
  3315 | D:4      | Reached skill level 5 in Armour
  3315 | D:4      | Reached skill level 5 in Shields
  3315 | D:4      | Reached XP level 8. HP: 32/50 MP: 8/8
  3646 | D:4      | Noticed Eustachio
  3696 | D:4      | Killed Eustachio
  3696 | D:4      | Reached skill level 6 in Axes
  3806 | D:4      | Killed a freed slave
  4124 | D:5      | Entered Level 5 of the Dungeon
  4215 | D:5      | Noticed Blork the orc
  4220 | D:5      | Killed Blork the orc
  4354 | D:5      | Noticed Duvessa
  4356 | D:5      | Noticed Dowan
  4366 | D:5      | Killed Duvessa
  4371 | D:5      | Killed Dowan
  4649 | D:5      | Found a staircase to the Ecumenical Temple.
  4824 | D:5      | Noticed Crazy Yiuf
  4830 | D:5      | Killed Crazy Yiuf
  4907 | D:6      | Reached XP level 9. HP: 21/56 MP: 9/9
  4927 | D:6      | Gained mutation: You tend to lose your temper in combat. [mutagenic meat]
  5078 | D:5      | Reached skill level 7 in Axes
  5325 | D:6      | Found a glowing silver altar of Zin.
  6539 | D:8      | Reached ** piety under Ashenzari
  6780 | D:8      | Reached skill level 8 in Axes
  7207 | D:9      | Reached XP level 10. HP: 48/63 MP: 10/10
  7248 | D:9      | Noticed Maurice
  7527 | D:9      | Found a white marble altar of Elyvilon.
  7688 | D:9      | HP: 3/64 [orc warrior/hand axe (6)]
  7692 | D:9      | HP: 1/64 [orc warrior/hand axe (8)]
  7694 | D:9      | Slain by an orc warrior

Action                   |  1- 3 |  4- 6 |  7- 9 | 10-12 || total
-------------------------+-------+-------+-------+-------++-------
Melee: War axe           |   121 |   150 |   423 |   126 ||   820
Evoke: Wand              |       |       |     2 |       ||     2
  Use: Potion            |       |       |     1 |     4 ||     5
  Eat: Chunk             |     3 |     5 |    18 |     2 ||    28
